 Dungeon Crawl Stone Soup version 0.26-a0-524-g073066f631 (webtiles) character file.

Game seed: 9200735841022596167

90 ANON1729 the Insei (level 4, -2/33 HPs)
             Began as a Demonspawn Transmuter on Aug 13, 2020.
             Slain by Crazy Yiuf
             ... wielding a +2 quarterstaff of chaos
              (7 damage)
             ... on level 2 of the Dungeon.
             The game lasted 00:01:58 (1551 turns).

ANON1729 the Insei (Demonspawn Transmuter)          Turns: 1551, Time: 00:01:58

Health: -2/33      AC:  3    Str: 10    XL:     4   Next: 32%
Magic:  6/7        EV: 12    Int: 16    God:
Gold:   102        SH:  0    Dex: 13    Spells: 7/8 levels left

rFire    + . .     SeeInvis .     - Unarmed
rCold    . . .     Faith    .   (no shield)
rNeg     . . .     Spirit   .   m - +1 robe {rF+}
rPois    .         Reflect  .   (helmet currently unavailable)
rElec    .         Harm     .   (no cloak)
rCorr    .                      (no gloves)
MR       .....                  (boots currently unavailable)
Stlth    +.........             (no amulet)
HPRegen  0.11/turn              (no ring)
MPRegen  0.10/turn              (no ring)

@: appendages
A: claws 1, horns 2, talons 2, demonic guardian 1
a: End Transformation


You were on level 2 of the Dungeon.
You had grown temporary horns.
You had grown temporary talons.
You visited 1 branch of the dungeon, and saw 2 of its levels.

You collected 102 gold pieces.

Inventory:

Armour
 a - a +0 robe
 m - a +1 robe of fire resistance (worn)
Jewellery
 f - a +6 ring of intelligence {unknown}
Scrolls
 b - 3 scrolls of magic mapping {unknown}
 d - a scroll of random uselessness {unknown}
 g - a scroll of enchant weapon {unknown}
 i - a scroll of fog {unknown}
 j - a scroll of blinking {unknown}
 l - a scroll of enchant armour {unknown}
 o - a scroll of fear {unknown}
Potions
 c - a potion of heal wounds {unknown}
 e - a potion of mutation {unknown}
 h - a potion of stabbing {unknown}
 k - 2 potions of might {unknown}
 n - a potion of haste {unknown}


   Skills:
 + Level 1.8 Fighting
 + Level 2.3 Dodging
 * Level 3.2 Unarmed Combat
 + Level 2.5 Spellcasting
 * Level 2.5 Transmutations


You had 7 spell levels left.
You knew the following spells:

 Your Spells              Type           Power        Failure   Level
a - Beastly Appendage     Tmut           ##....       7%          1

Your spell library contained the following spells:

 Spells                   Type           Power        Failure   Level
 Wereblood                Tmut           ##......     11%         2
 Spider Form              Tmut/Pois      #.........   34%         3
 Ice Form                 Ice/Tmut       #.......     75%         4
 Blade Hands              Tmut           ##........   88%         5


Dungeon Overview and Level Annotations

Branches:
Dungeon (2/15)

Altars:
Elyvilon
Hepliaklqana
Xom

Annotations:
D:2 Crazy Yiuf


Innate Abilities, Weirdness & Mutations

You have sharp fingernails.
A weak demonic guardian rushes to your aid.
You have a pair of horns on your head.
You have razor-sharp toenails.


Message History

You are too injured to fight recklessly!
You are too injured to fight recklessly!
You are too injured to fight recklessly!
You are too injured to fight recklessly!
You are too injured to fight recklessly!
You are too injured to fight recklessly!
You barely miss Crazy Yiuf. You claw Crazy Yiuf.
Crazy Yiuf is moderately wounded.
Crazy Yiuf hits you with a +2 quarterstaff of chaos!
* * * LOW HITPOINT WARNING * * *
You barely miss Crazy Yiuf. You claw Crazy Yiuf.
Crazy Yiuf is heavily wounded.
Crazy Yiuf closely misses you.
You closely miss Crazy Yiuf.
Crazy Yiuf is heavily wounded.
You scratch Crazy Yiuf.
Crazy Yiuf is heavily wounded.
Crazy Yiuf screams, "Cod!"
Crazy Yiuf hits you with a +2 quarterstaff of chaos!
You die...

###># #...# #.# #...#
#..># #.# #.### #.#.#
#.# ###.## ##### ###
#....# #....#
#....###### ####
#.......#.## ###..)#
#..........####5@g..#
#....#......#..##...#
#....##.#..#.### ####
###.########## #.#
#.# ### #.# #.######
#.#######......#
#.......#####.##


You could see Crazy Yiuf and a friendly shadow imp (summoned).

Vanquished Creatures
  Jessica (D:2)
  An adder (D:2)
  2 worms (D:2)
  2 dart slugs
  2 leopard geckos
  4 bats
  A giant cockroach (D:1)
  6 goblins
  5 hobgoblins
  2 jackals (D:2)
  5 kobolds
  A quokka (D:2)
  7 frilled lizards
  3 rats
42 creatures vanquished.

Notes
Turn   | Place    | Note
-------+----------+-------------------------------------------
     0 | D:1      | ANON1729 the Demonspawn Transmuter began the quest for the
                  | Orb.
     0 | D:1      | Reached XP level 1. HP: 15/15 MP: 3/3
    84 | D:1      | Gained mutation: You have sharp fingernails. [demonic
                  | ancestry]
    84 | D:1      | Reached XP level 2. HP: 15/21 MP: 3/5
   707 | D:2      | Reached XP level 3. HP: 26/26 MP: 4/6
   732 | D:2      | Reached skill level 3 in Unarmed Combat
   933 | D:2      | Found a hazy altar of Hepliaklqana.
  1007 | D:2      | Found a white marble altar of Elyvilon.
  1045 | D:2      | Found a shimmering altar of Xom.
  1334 | D:2      | Noticed Jessica
  1339 | D:2      | Killed Jessica
  1339 | D:2      | Gained mutation: A weak demonic guardian rushes to your
                  | aid. [demonic ancestry]
  1339 | D:2      | Reached XP level 4. HP: 33/33 MP: 4/7
  1444 | D:2      | Found a runed translucent door.
  1445 | D:2      | Noticed Crazy Yiuf
  1551 | D:2      | Slain by Crazy Yiuf

Illustrated notes

Levels and vault maps discovered:
D:1:      psy_arrival_terrarium, layout_rooms
D:2:      layout_basic, xom_teletrap_fun, lemuel_crystal_altar,
          elyvilon_altar_1, uniq_jessica, uniq_crazy_yiuf_cottage

Skill      XL: |  1  2  3 |
---------------+----------+-----
Dodging        | 2 |  2.3
Transmutations | 2 |  2.5
Unarmed Combat | 3 |  3.2
Fighting       | |  1.8
Spellcasting   | |  2.5

Action                   |  1- 3 |  4- 6 || total
-------------------------+-------+-------++-------
Melee: Unarmed           |   111 |     5 ||   116
       Headbutt          |     8 |       ||     8
       Punch             |     3 |     1 ||     4
       Kick              |    16 |     1 ||    17
 Cast: Beastly Appendage |    16 |     1 ||    17
 Stab: Sleeping          |       |     1 ||     1
Armor: Robe              |    25 |       ||    25
Dodge: Dodged            |    62 |     1 ||    63

Table legend: (Time is in decaauts)
 A = Elapsed time spent in this place.
 B = Non-inter-level travel time spent in this place.
 C = Inter-level travel time spent in this place.
 D = Time resting spent in this place.
 E = Time spent auto-exploring this place.
 F = Levels seen in this place.
 G = Mean time per level.
                   A        B        C        D        E       F      G
               +--------+--------+--------+--------+--------+-----+--------+
         Total |   1543 |   1526 |     17 |    526 |    727 |   2 |  771.5 |
       Dungeon |   1543 |   1526 |     17 |    526 |    727 |   2 |  771.5 |
               +--------+--------+--------+--------+--------+-----+--------+

Top non-repeatable levels by time:
     D:2: 881 daAuts
     D:1: 662 daAuts
